 Dungeon Crawl Stone Soup version 0.31.0-11-ge490571c62 (webtiles) character file.

Game seed: 13422469879693714274

2750 hikkokomori the Trooper (level 10, 0/80 HPs)
             Began as a Formicid Fighter on Jan 31, 2024.
             Slain by a troll (7 damage)
             ... on level 7 of the Dungeon.
             The game lasted 00:12:18 (6485 turns).

hikkokomori the Trooper (Formicid Fighter)          Turns: 6485, Time: 00:12:18

Health: 0/80       AC:  8    Str: 24    XL:     10   Next: 0%
Magic:  0/10       EV: 12    Int:  7    God:
Gold:   499        SH:  5    Dex: 15    Spells: 9/9 levels left

rFire   . . .        r - +1 hand axe (freeze)
rCold   . . .        c - +0 buckler
rNeg    + . .        q - +0 steam dragon scales
rPois   .            (helmet unavailable)
rElec   .            l - +1 cloak
rCorr   .            (no gloves)
SInv    +            (no boots)
Will    ++...        h - amulet of guardian spirit
Stlth   +++          v - ring of positive energy
HPRegen 0.33/turn    C - ring of willpower
MPRegen 0.12/turn

%: clarity, guardian spirit
@: invisible
A: permanent stasis, dig shafts and tunnels, antennae 3, four strong arms,
clarity
a: Dig, Shaft Self


You were on level 7 of the Dungeon.
You visited 2 branches of the dungeon, and saw 9 of its levels.
You also visited: Ossuary.

You collected 499 gold pieces.

Inventory:

Hand Weapons
 e - a +2 whip of flaming
 i - a +0 giant club
 r - a +1 hand axe of freezing (weapon)
 w - a +1 morningstar
 D - a +0 orcbow
Missiles
 y - 11 poisoned darts (quivered)
Armour
 b - a +0 scale mail
 c - a +0 buckler (worn)
 l - a +1 cloak (worn)
 q - +0 steam dragon scales (worn)
 s - a +1 leather armour of cold resistance
Magical Staves
 g - a staff of earth
Jewellery
 h - an amulet of guardian spirit (around neck)
 v - a ring of positive energy (left hand)
 C - a ring of willpower (right hand)
 E - a ring of positive energy
Wands
 d - a wand of light (3)
 o - a wand of flame (28)
Scrolls
 a - a scroll of enchant armour
 j - a scroll of revelation
 k - 2 scrolls of immolation
 m - 2 scrolls of amnesia
 F - a scroll of fear {unknown}
 G - a scroll of identify
Potions
 f - 3 potions of curing
 n - 2 potions of heal wounds {unknown}
 p - 3 potions of cancellation
 t - a potion of brilliance
 u - a potion of ambrosia
 z - a potion of haste {unknown}
 A - a potion of magic


   Skills:
 + Level 7.8 Fighting
 - Level 5.2(5.4) Axes
 - Level 2.1(3.9) Maces & Flails
 + Level 0.0 Throwing
 - Level 6.6 Armour
 + Level 3.1 Dodging
 + Level 4.5 Stealth
 - Level 5.9 Shields
 + Level 5.7 Evocations


You had 9 spell levels left.
You didn't know any spells.
Your spell library contained the following spells:

 Spells                   Type           Power      Damage    Failure   Level
 Ensorcelled Hibernation  Hex/Ice        0%         N/A       63%         2
 Passwall                 Erth           0%         N/A       85%         3
 Swiftness                Air            Unusable   N/A       N/A         3

Dungeon Overview and Level Annotations

Branches:
Dungeon (8/15)             Temple (1/1) D:7         Ossuary (visited)
   Lair: D:8-11

Altars:
Ashenzari
Cheibriados
Dithmenos
Elyvilon
Fedhas
Gozag
Hepliaklqana
Kikubaaqudgha
Makhleb
Nemelex Xobeh
Okawaru
Qazlal
Ru
Sif Muna
Trog
Uskayaw
Vehumet
Wu Jian
Xom
Yredelemnul
Zin


Innate Abilities, Weirdness & Mutations

You cannot be hasted, slowed, berserked, paralysed or teleported.
You can dig through walls and to a lower floor.
You have a pair of large antennae on your head. (SInv)
Your four strong arms can wield two-handed weapons with a shield.
You possess an exceptional clarity of mind.


Message History

Press: ? - help, Shift-Dir - straight line, f/p - troll
Aim: a troll (moderately wounded, wandering, unable to see you, poisoned, slow, hasn't noticed you, 59% to hit)
You throw a poisoned dart.
The poisoned dart closely misses the troll.
Unknown command.
Throw: 13 darts (poison)
Press: ? - help, Shift-Dir - straight line, f/p - troll
Aim: a troll (moderately wounded, wandering, unable to see you, poisoned, slow, hasn't noticed you, 59% to hit)
You throw a poisoned dart.
The poisoned dart barely misses the troll.
Unknown command.
Throw: 12 darts (poison)
Press: ? - help, Shift-Dir - straight line, f/p - troll
Aim: a troll (moderately wounded, wandering, unable to see you, poisoned, slow, hasn't noticed you, 59% to hit)
You throw a poisoned dart.
The poisoned dart closely misses the troll.
You are too injured to fight recklessly!
Aiming: Throw Flame
Press: ? - help, Shift-Dir - straight line, f/p - troll
Aim: a troll (moderately wounded, wandering, unable to see you, poisoned, slow, hasn't noticed you, 74% to hit)
The puff of flame misses the troll.
You hear an angry buzzing noise.
The troll is no longer moving slowly.
Aiming: Bolt of Light
Press: ? - help, Shift-Dir - straight line, f - killer bee, p - troll
Aim: a killer bee (wandering, unable to see you, hasn't noticed you, 48% to hit)
The bolt of light hits the troll!
The troll is severely wounded.
The troll is blinded.
The bolt of light hits the killer bee!
The killer bee is almost dead.
The killer bee is blinded.
Unknown command.
Unknown command.
The troll shouts!
You hear an angry buzzing noise.
You see here a curare-tipped dart.
You strike the helpless troll from behind!
You hit the troll but do no damage.
The troll is severely wounded.
The troll misses you. x2; The troll claws you!
You die...

. . #+. ..##### .#. ##
#.#.?.#f#...
#..####.#...#.....
#...#.#...#......#
#...##'##...#..
#..##†@T.y.'##...######
#..
#(#.....#$#.#......# #
###....(###........#
#...#.#.#...#.......#
...#...#..............
..# ##.............#.##
# ....?...............
###.................
#.......<.......#.


You could see a troll (blind, unable to see you, poisoned) and a killer bee
(wandering, blind, unable to see you).

Vanquished Creatures
  Grinder (D:3)
  A steam dragon (D:6)
  Duvessa (D:5)
  2 water moccasins (D:7)
  A black bear (D:4)
  2 sky beasts (D:7)
  4 ogres
  3 centaurs
  A phantom (D:6)
  2 kobold brigands (D:7)
  2 bullfrogs
  2 wights (Ossuary)
  A burial acolyte (Ossuary)
  Dowan (D:5)
  4 jellies
  A bombardier beetle (D:4)
  5 hounds
  An orc priest (D:5)
  A sleepcap (D:7)
  2 iguanas
  2 orc wizards (D:5)
  A mummy (Ossuary)
  Robin (D:4)
  8 adders
  A white imp (D:6)
  A ribbon worm (D:2)
  14 dart slugs
  16 orcs
  9 endoplasms
  3 giant cockroaches
  7 hobgoblins
  3 jackals (D:1)
  4 quokkas
  10 ball pythons
  5 bats
  5 frilled lizards
  7 gnoll skeletons (Ossuary)
  15 goblins
  12 kobolds
  3 kobold skeletons (Ossuary)
  10 orc skeletons (Ossuary)
  8 rats
183 creatures vanquished.

Vanquished Creatures (others)
  A goblin (D:3)
1 creature vanquished.

Grand Total: 184 creatures vanquished

Notes
Turn   | Place    | Note
-------+----------+-------------------------------------------
     0 | D:1      | hikkokomori the Formicid Fighter began the quest for the
                  | Orb.
     0 | D:1      | Reached XP level 1. HP: 18/18 MP: 1/1
    67 | D:1      | Reached XP level 2. HP: 16/24 MP: 2/2
   319 | D:1      | Reached XP level 3. HP: 29/29 MP: 3/3
   320 | D:1      | Reached skill level 1 in Maces & Flails
   961 | D:2      | Reached skill level 4 in Fighting
   961 | D:2      | Reached XP level 4. HP: 37/37 MP: 4/4
  1459 | D:3      | Reached XP level 5. HP: 41/42 MP: 5/5
  1544 | D:3      | Reached skill level 5 in Shields
  1785 | D:3      | Noticed Grinder
  1818 | D:3      | HP: 1/43 [Grinder (6)]
  1833 | D:3      | Killed Grinder
  1834 | D:3      | Reached XP level 6. HP: 8/50 MP: 6/6
  2326 | D:4      | Reached skill level 5 in Fighting
  2326 | D:4      | Reached XP level 7. HP: 56/56 MP: 7/7
  2532 | D:4      | Reached skill level 5 in Armour
  2626 | D:4      | Reached skill level 1 in Evocations
  2999 | D:4      | Noticed Robin
  3034 | D:4      | Killed Robin
  3222 | D:4      | Reached XP level 8. HP: 52/63 MP: 8/8
  3299 | D:4      | Gained mutation: You possess an exceptional clarity of
                  | mind. [potion of mutation]
  3442 | D:5      | Entered Level 5 of the Dungeon
  3603 | D:5      | Found a shimmering blue altar of Sif Muna.
  3659 | D:5      | Found a sand-covered staircase.
  3741 | Ossuary  | Entered an ossuary
  4000 | Ossuary  | Found an ancient bone altar of Kikubaaqudgha.
  4012 | Ossuary  | Reached skill level 6 in Fighting
  4225 | D:5      | Noticed Dowan
  4225 | D:5      | Noticed Duvessa
  4248 | D:5      | Killed Duvessa
  4250 | D:5      | Killed Dowan
  4792 | D:5      | Found an iron altar of Okawaru.
  4913 | D:6      | Reached skill level 5 in Axes
  4913 | D:6      | Reached XP level 9. HP: 37/71 MP: 5/9
  5221 | D:6      | Reached skill level 1 in Stealth
  5296 | D:6      | Reached skill level 1 in Dodging
  5520 | D:6      | Reached skill level 7 in Fighting
  5892 | D:7      | Found an ornate altar of the Wu Jian Council.
  5904 | D:7      | Reached skill level 5 in Evocations
  6223 | D:7      | Identified the scarf "Vippidy" {shadows, rN+}
  6236 | D:7      | Found a staircase to the Ecumenical Temple.
  6261 | Temple   | Entered the Ecumenical Temple
  6446 | D:7      | Noticed a troll
  6465 | D:7      | Reached XP level 10. HP: 34/80 MP: 10/10
  6476 | D:7      | HP: 4/80 [troll (1)]
  6485 | D:7      | Slain by a troll

Illustrated notes

Levels and vault maps discovered:
D:1:      ncdulo_watergridlock, layout_rooms, minmay_misc_feat_cross
D:2:      layout_basic, st_stairs_5, hangedman_decor_lopped
D:3:      layout_rooms, reono_crystal_passage, st_stairs_2, feat_on_display,
          uniq_grinder
D:4:      layout_gridville, uniq_robin
D:5:      kennysheep_slugbush, layout_loops_ring, kennysheep_orc_sif_temple,
          general_overflow_altar, enter_ossuary_1, uniq_duvessa
D:6:      layout_rooms, kennysheep_small_square
D:7:      layout_rooms, lemuel_doored_altar, temple_hall,
          chequers_serial_rivers_micro_d, nicolae_benzene_ring,
          minmay_fractal_squares_diagonal_5
D:8:      layout_basic, erik_lair_orcish_takeover
Temple:   mainiacjoe_temple_coin_purse

Skill      XL: |  1  2  3  4  5  6  7  8  9 |
---------------+----------------------------+-----
Maces & Flails | 1 2 |  2.1
Fighting       | 4 5 6 7 |  7.8
Armour         | 4 5 6 |  6.6
Shields        | 5 |  5.9
Axes           | 3 5 |  5.2
Evocations     | 2 4 5 |  5.7
Stealth        | 4 |  4.5
Dodging        | 3 |  3.1

Action                     |  1- 3 |  4- 6 |  7- 9 | 10-12 || total
---------------------------+-------+-------+-------+-------++-------
  Melee: Whip              |   115 |    91 |       |       ||   206
         Hand axe          |       |    21 |   378 |     8 ||   407
  Throw: Dart              |       |       |       |     5 ||     5
Ability: Dig               |       |       |     3 |       ||     3
  Evoke: Wand              |       |       |     5 |     2 ||     7
    Use: Potion            |       |     2 |     4 |     2 ||     8
         Scroll            |       |     8 |     9 |       ||    17
   Stab: Sleeping          |       |       |     2 |       ||     2
         Invisible         |       |       |       |     2 ||     2
 Armour: Scale mail        |    74 |    67 |   173 |       ||   314
         Skin              |       |       |    12 |       ||    12
         Steam dragon scal |       |       |    94 |     8 ||   102
  Dodge: Dodged            |    52 |    41 |   161 |    12 ||   266
  Block: Buckler           |    31 |    30 |   120 |    10 ||   191
